 Dungeon Crawl Stone Soup version 0.30-a0-368-g86fb4627a9 (webtiles) character file.

Game seed: 16209948332457355782

17 lunkers the Cudgeller (level 2, -7/25 HPs)
             Began as an Armataur Reaver on Nov 18, 2022.
             Mangled by a gnoll
             ... wielding a +0 spear
              (8 damage)
             ... on level 2 of the Dungeon.
             The game lasted 00:00:56 (802 turns).

lunkers the Cudgeller (Armataur Reaver)              Turns: 802, Time: 00:00:57

Health: -7/25      AC:  4    Str: 17    XL:     2   Next: 44%
Magic:  4/4        EV:  9    Int: 13    God:
Gold:   103        SH:  0    Dex:  8    Spells: 3/4 levels left

rFire   . . .      SeeInvis .    a - +0 mace
rCold   . . .      Faith    .    (no shield)
rNeg    . . .      Spirit   .    b - +0 leather armour
rPois   .          Reflect  .    (no helmet)
rElec   .          Harm     .    (no cloak)
rCorr   .          Roll     +    (no gloves)
Will    .....                    (no barding)
Stlth   +.........               (no amulet)
HPRegen 0.24/turn                (no ring)
MPRegen 0.09/turn                (no ring)

@: no status effects
A: large, rugged brown scales 3, deformed body, armoured tail, roll, long
tongue, awkward tongue
a: no special abilities


You were on level 2 of the Dungeon.
You visited 1 branch of the dungeon, and saw 2 of its levels.

You collected 103 gold pieces.

Inventory:

Hand Weapons
 a - a +0 mace (weapon)
Armour
 b - a +0 leather armour (worn)
Jewellery
 h - a +4 ring of protection
Scrolls
 f - 2 scrolls of identify {unknown}
 i - a scroll of teleportation {unknown}
Potions
 c - a potion of lignification {unknown}
 d - a potion of cancellation {unknown}
 e - a potion of curing {unknown}
 g - a potion of berserk rage {unknown}
 j - a potion of magic {unknown}


   Skills:
 - Level 1.7 Fighting
 + Level 3.5 Maces & Flails
 - Level 1.3 Dodging
 - Level 1.7 Spellcasting
 - Level 2.6 Conjurations


You had 3 spell levels left.
You knew the following spells:

 Your Spells              Type           Power      Damage    Failure   Level
p - Kiss of Death         Conj/Necr      16%        2d6       19%         1

Your spell library contained the following spells:

 Spells                   Type           Power      Damage    Failure   Level
 Momentum Strike          Conj/Tloc      8%         3d8       28%         2
 Hailstorm                Conj/Ice       4%         3d4       50%         3


Dungeon Overview and Level Annotations

Branches:
Dungeon (2/15)

Altars:


Innate Abilities, Weirdness & Mutations

You are completely covered in rugged brown scales. (AC +3, +7% HP)
Armour fits poorly on your strangely shaped body.
You have a long armoured tail.
You roll when moving toward enemies. (Rampage)
Your long tongue fully drains potion bottles. (2x potion effects)
Your tongue gives you trouble enunciating. (1.5x scroll delay)


Message History

The quokka bites you but does no damage.
You barely miss the quokka. The quokka barely misses you.
You sock the quokka!
You kill the quokka!
No target in view!
No target in view!
Found a stone staircase leading down.
You open the door.
A gnoll and 2 jackals come into view.
The gnoll shouts!
The jackal barks!
You roll towards the jackal!
You hit the jackal but do no damage. The jackal bites you.
The gnoll hits you from afar with a +0 spear!
The jackal bites you.
* * * LOW HITPOINT WARNING * * *
You closely miss the jackal.
Your tail-slap misses the jackal.
The jackal bites you but does no damage.
The gnoll hits you from afar with a +0 spear.
* * * LOW HITPOINT WARNING * * *
The jackal misses you. The gnoll barely misses you.
You hit the jackal.
The jackal is almost dead.
The jackal closely misses you.
The gnoll hits you from afar with a +0 spear.
* * * LOW HITPOINT WARNING * * *
The jackal closely misses you.
You closely miss the jackal.
The jackal is almost dead.
The jackal bites you but does no damage.
The gnoll hits you from afar with a +0 spear.
* * * LOW HITPOINT WARNING * * *
You hit the jackal.
You kill the jackal!
The gnoll hits you from afar with a +0 spear.
* * * LOW HITPOINT WARNING * * *
The jackal barely misses you.
You hit the jackal.
You kill the jackal!
The gnoll hits you from afar with a +0 spear!
You die...

##### ... +...# ... #...
... +.g ### #.# ####†####
..# #.# #..P@P..# #.#
#.### #.......# ..#
#...#####...#######
..#####.......#.#.###....
..........#.#.#.#........
................#........
..........#.#.#.#........
###########.#.#..........
#........>.......


You could see a gnoll.

Vanquished Creatures
  A dart slug (D:1)
  An endoplasm (D:1)
  A giant cockroach (D:1)
  2 goblins
  2 jackals (D:2)
  3 quokkas
  A frilled lizard (D:1)
  2 kobolds (D:1)
  A rat (D:1)
14 creatures vanquished.

Notes
Turn   | Place    | Note
-------+----------+-------------------------------------------
     0 | D:1      | lunkers the Armataur Reaver began the quest for the Orb.
     0 | D:1      | Reached XP level 1. HP: 18/18 MP: 3/3
   188 | D:1      | Reached skill level 3 in Maces & Flails
   261 | D:1      | Reached XP level 2. HP: 24/25 MP: 4/4
   801 | D:2      | HP: 1/25 [gnoll/+0 spear (2)]
   802 | D:2      | Mangled by a gnoll

Illustrated notes

Levels and vault maps discovered:
D:1:      enne_arrival_octagon_isle, layout_basic
D:2:      layout_basic, serial_shops, shop, basic_altar,
          chequers_ecumenical_altar_grove, minmay_misc_feat_more_columns,
          minmay_misc_feat_diagonals, cheibrodos_gnoll_hut,
          uniq_crazy_yiuf_cottage

Skill      XL: |  1 |
---------------+----+-----
Maces & Flails | 3 |  3.5
Fighting       | |  1.7
Dodging        | |  1.3
Spellcasting   | |  1.7
Conjurations   | |  2.6

Action                   || total
-------------------------++-------
Melee: Mace              ||    45
       Tailslap          ||     6
Armor: Leather armour    ||    12
Dodge: Dodged            ||    27

Table legend: (Time is in decaauts)
 A = Elapsed time spent in this place.
 B = Non-inter-level travel time spent in this place.
 C = Inter-level travel time spent in this place.
 D = Time resting spent in this place.
 E = Time spent auto-exploring this place.
 F = Levels seen in this place.
 G = Mean time per level.
                   A        B        C        D        E       F      G
               +--------+--------+--------+--------+--------+-----+--------+
         Total |    812 |    812 |      0 |      0 |    697 |   2 |  406.0 |
       Dungeon |    812 |    812 |      0 |      0 |    697 |   2 |  406.0 |
               +--------+--------+--------+--------+--------+-----+--------+

Top non-repeatable levels by time:
     D:1: 743 daAuts
     D:2: 69 daAuts
